Description

ZvT - pool first to lings and roaches

Replay - LiquidTLO v llllllllllll: Game 1 - Ephemeron LE

Build Order

Get SALT Encoding   

  12  0:00  Drone  
  13  0:13  Overlord  
  13  0:17  Drone  
  14  0:31  Drone x2  
  16  0:41  Spawning Pool  
  15  0:45  Drone  
  16  0:54  Drone  
  17  1:10  Hatchery  
  16  1:14  Extractor  
  15  1:20  Drone  
  16  1:29  Zergling x6  
  19  1:37  Roach Warren  
  18  1:49  Queen  
  20  1:57  Overlord  
  20  2:04  Drone  
  21  2:18  Roach x3  
  27  2:27  Roach  
  29  2:42  Queen  
Spawning Tool Build Advisor. Get it on Overwolf

Go to:

Details

  • Created by: xenlee
  • Published on: Dec 21, 2019
  • Modified on: Dec 21, 2019
  • Patch: 4.11.0
Show
View Real Time Build Order
Export as new Build Order

Comments (0)

There are no comments. Be the first!

Create an account to comment!